 Dungeon Crawl Stone Soup version 0.31-a0-232-gb1c03b2570 (webtiles) character file.

Game seed: 8289814394294673393

282 qw the Shooter (level 6, -2/51 HPs)
             Began as a Minotaur Hexslinger on July 7, 2023.
             Succumbed to a kobold brigand's poison
             ... in a sewer.
             The game lasted 00:00:55 (2134 turns).

qw the Shooter (Minotaur Hexslinger)                Turns: 2134, Time: 00:00:55

Health: -2/51      AC:  6    Str: 13    XL:     6   Next: 6%
Magic:  6/6        EV: 11    Int: 10    God:
Gold:   97         SH:  0    Dex: 14    Spells: 6/7 levels left

rFire   . . .        Y - +6 orcbow
rCold   . . .        (shield currently unavailable)
rNeg    . . .        d - +0 ring mail
rPois   .            (helmet restricted)
rElec   .            (no cloak)
rCorr   .            (no gloves)
SInv    .            f - +0 pair of boots
Will    .....        (no amulet)
Stlth   +            (no ring)
HPRegen 0.28/turn    (no ring)
MPRegen 0.10/turn

%: no passive effects
@: lethally poisoned (-2 -> -29), about to teleport
A: horns 2, retaliatory headbutt
a: no special abilities


You were in a sewer.
You visited 1 branch of the dungeon, and saw 3 of its levels.
You also visited: Sewer.

You collected 207 gold pieces.
You spent 110 gold pieces at shops.


Innate Abilities, Weirdness & Mutations

You have a pair of horns on your head.
You reflexively headbutt those who attack you in melee.


   Skills:
 - Level 3.0 Fighting
 + Level 5.4 Ranged Weapons
 - Level 3.6 Armour
 - Level 2.1 Dodging
 - Level 1.0 Spellcasting
 - Level 2.0 Hexes


You had 6 spell levels left.
You knew the following spells:

 Your Spells              Type           Power      Damage    Failure   Level
a - Slow                  Hex            16%        N/A       30%         1

Your spell library contained the following spells:

 Spells                   Type           Power      Damage    Failure   Level
 Inner Flame              Hex/Fire       2%         N/A       80%         3
 Portal Projectile        Hex/Tloc       4%         N/A       80%         3
 Cause Fear               Hex            2%         N/A       97%         4

Inventory:

Hand Weapons
 Y - a +6 orcbow (weapon)
Armour
 d - a +0 ring mail (worn)
 f - a +0 pair of boots (worn)
Scrolls
 a - a scroll of identify
Potions
 i - a potion of mutation

Dungeon Overview and Level Annotations

Branches:
Dungeon (3/15)              Sewer (1/1)

Altars:
Sif Muna

Shops:
D:2 (

Annotations:
Sewer Grinder


Message History

The poisoned dart hits you!
You are more poisoned.
The phantom hits you.
You shoot an arrow. The arrow closely misses the phantom.
You feel very sick. The phantom hits you.
You shoot an arrow. The arrow hits the phantom!
The phantom is moderately damaged.
You feel very sick. The phantom completely misses you. You furiously retaliate!
You headbutt the phantom. Grinder gestures at you.
You suddenly lose the ability to move!
You feel sick. The phantom hits you.
The phantom blinks!
You blink.
A poisoned dart appears from out of thin air!
The poisoned dart hits you!
You are more poisoned.
Grinder gestures at you. Pain shoots through your body!
You feel very sick.
The phantom hits you but does no damage.
A poisoned dart appears from out of thin air!
The poisoned dart hits you!
You are lethally poisoned!
Grinder zaps a wand.
The puff of flame hits you!
You can move again.
2133 ||| READING scroll of teleportation.
As you read the scroll of teleportation, it crumbles to dust.
You feel strangely unstable.
You feel very sick. The phantom barely misses you. You furiously retaliate!
You headbutt the phantom.
A poisoned dart appears from out of thin air!
The poisoned dart hits you!
You are more poisoned.
Grinder gestures at you. You resist with significant effort.
You shoot an arrow. The arrow hits the phantom!
You destroy the phantom!
You die...

#~~.#~~~~~~~~~~~~~~.#
#~~.#~~~~~~~~~~~~~{.#
#~~.#~~~~~~~~~~~~~~%#
#~~.#~~~~~~~~~~~~5..# #
#~~.#~~~~~~~~~~~.... ~#
#~~.####~#~~###~#.### .##
#~~.#.............~~#K..#
#~.............).~~~~K).'
#~..#...........@.~~#5..
##~####~##~##~###.### #
#~~~~~~~~~~~~~~~~...#
#~.~~~~~~~~~~~~~~...#
#~~~~~~~~~~~~~~~~~~.#
#~~~~~~~~~~~~~~~~~~.#
#~~~~~~~~~~~~~~~~~..#
#~~~~~~~~~~~~~~~~~~.+
#####################


You could see Grinder and 2 kobolds.

Vanquished Creatures
  An ogre (D:2)
  A phantom (Sewer)
  Jessica (D:2)
  Natasha (twice) (D:2)
  2 adders (D:2)
  A shadow imp (Sewer)
  2 ufetubi (Sewer)
  An adder zombie (Sewer)
  2 worms (D:2)
  2 dart slugs
  3 bats
  5 endoplasms
  7 giant cockroaches
  3 goblins
  9 hobgoblins
  2 jackals (D:1)
  3 quokkas
  5 ball pythons
  2 frilled lizards (D:1)
  14 kobolds
  3 kobold zombies (Sewer)
  A rat (D:3)
72 creatures vanquished.

Notes
Turn   | Place    | Note
-------+----------+-------------------------------------------
     0 | D:1      | qw the Minotaur Hexslinger began the quest for the Orb.
     0 | D:1      | Reached XP level 1. HP: 16/16 MP: 1/1
     0 | D:1      | 0 ||| qw: Version: 0.3-a-46-gb1f654a
     0 | D:1      | 0 ||| qw: Game counter: 2881
     0 | D:1      | 0 ||| qw: Melee chars always use a shield: true
     0 | D:1      | 0 ||| qw: God list: Okawaru
     0 | D:1      | 0 ||| qw: Allow faded altars: false
     0 | D:1      | 0 ||| qw: Do Orc after clearing Dungeon:15 true
     0 | D:1      | 0 ||| qw: Do second Lair branch before Depths: true
     0 | D:1      | 0 ||| qw: Lair rune preference: random
     0 | D:1      | 0 ||| qw: Goals: Normal
     0 | D:1      | 0 ||| PLANNING D:1-11
    48 | D:1      | Reached skill level 3 in Ranged Weapons
    48 | D:1      | Reached XP level 2. HP: 23/23 MP: 2/2
   528 | D:1      | Reached XP level 3. HP: 29/29 MP: 3/3
   624 | D:1      | 624 ||| UPGRADING to +0 ring mail.
   634 | D:1      | 634 ||| DROPPING +0 robe.
   635 | D:1      | 635 ||| UPGRADING to +0 pair of boots.
   640 | D:1      | 640 ||| READING 2 scrolls labelled MAOSIU ABOIR.
   641 | D:1      | 641 ||| READING scroll labelled OPHE GUSTAUTA.
   642 | D:1      | 642 ||| DROPPING scroll of poison.
   695 | D:2      | Noticed Jessica
   698 | D:2      | Killed Jessica
   699 | D:2      | Reached skill level 4 in Ranged Weapons
   738 | D:2      | Found Deorimui's Antique Weapon Shoppe.
   748 | D:2      | 748 ||| BUYING glowing orcbow (110 gold).
   748 | D:2      | Bought a glowing orcbow for 110 gold pieces
   748 | D:2      | 748 ||| SWAPPING to +6 orcbow.
   749 | D:2      | 749 ||| DROPPING +1 sling.
   755 | D:2      | Noticed an ogre
   760 | D:2      | Killed an ogre
   761 | D:2      | Reached skill level 3 in Armour
   761 | D:2      | Reached XP level 4. HP: 36/36 MP: 4/4
   761 | D:2      | Reached XP level 5. HP: 41/41 MP: 5/5
  1001 | D:2      | Found a shimmering blue altar of Sif Muna.
  1008 | D:2      | Noticed Natasha
  1018 | D:2      | Killed Natasha
  1258 | D:2      | Reached skill level 5 in Ranged Weapons
  1298 | D:2      | Noticed Natasha
  1300 | D:2      | Killed Natasha
  1724 | D:2      | 1724 ||| READING scroll labelled FUECOFFEBE.
  1725 | D:2      | 1725 ||| READING 2 scrolls labelled REGAJIAGATO.
  1729 | D:2      | 1729 ||| READING 3 scrolls of identify.
  1729 | D:2      | 1729 ||| IDENTIFYING fuming emerald potion
  1730 | D:2      | 1730 ||| READING 2 scrolls of identify.
  1730 | D:2      | 1730 ||| IDENTIFYING smoky grey potion
  1731 | D:2      | 1731 ||| DROPPING potion of degeneration.
  1732 | D:2      | 1732 ||| DROPPING potion of brilliance.
  1743 | D:3      | Found a glowing drain.
  1744 | D:3      | 1744 ||| PLANNING SEWER
  1744 | D:3      | 1744 ||| STAIRDANCE
  1748 | D:3      | 1748 ||| STAIRDANCE
  1751 | D:2      | Reached skill level 3 in Fighting
  1801 | Sewer    | Entered a sewer
  1934 | Sewer    | 1934 ||| FLEEEEING.
  1935 | Sewer    | 1935 ||| FLEEEEING.
  1998 | Sewer    | Reached XP level 6. HP: 51/51 MP: 6/6
  1998 | Sewer    | Noticed Grinder
  2005 | Sewer    | 2005 ||| FLEEEEING.
  2006 | Sewer    | 2006 ||| FLEEEEING.
  2008 | Sewer    | 2008 ||| FLEEEEING.
  2123 | Sewer    | Paralysed by Grinder for 5 turns
  2130 | Sewer    | Paralysed by Grinder for 3 turns
  2132 | Sewer    | HP: 10/51 [Grinder/puff of flame (8)]
  2133 | Sewer    | 2133 ||| READING scroll of teleportation.
  2134 | Sewer    | Succumbed to a kobold brigand's poison

Levels and vault maps discovered:
D:1:      minmay_arrival_plants_in_alcoves, layout_loops_ring
D:2:      layout_basic, basic_altar, serial_shops, nicolae_shop_rolling_square,
          kennysheep_cluttered_room, uniq_jessica, uniq_natasha
D:3:      layout_rooms, gammafunk_temple_overflow_claw,
          cheibrodos_sewer_entry_drain, shapermc_ecumenical_altar_gd,
          hangedman_decor_diamond_cutter, serial_bayou_lake_a
Sewer:    kennysheep_sewer_church

Skill      XL: |  1  2  3  4  5 |
---------------+----------------+-----
Ranged Weapons | 3 4 5 |  5.4
Fighting       | 2 3 |  3.0
Armour         | 3 |  3.6
Dodging        | |  2.1
Spellcasting   | |  1.0
Hexes          | |  2.0

Action                     |  1- 3 |  4- 6 || total
---------------------------+-------+-------++-------
   Fire: Sling             |    83 |       ||    83
         Orcbow            |     5 |   110 ||   115
    Use: Scroll            |     2 |     5 ||     7
 Armour: Robe              |     7 |       ||     7
         Ring mail         |       |    18 ||    18
  Dodge: Dodged            |    25 |    29 ||    54

Table legend:
 A = Non-vault XP
 B = Vault XP
 C = Vault XP percentage of total XP
 D = Non-vault monster count
 E = Vault monster count
 F = Vault count percentage of total count
                 A         B        C        D         E       F
            +---------+---------+-------+---------+---------+-------
      Total |     267 |     236 |  46.9 |      45 |      27 |  37.5
            +---------+---------+-------+---------+---------+-------
        D:1 |      47 |       0 |   0.0 |      26 |       0 |   0.0
        D:2 |     219 |      74 |  25.3 |      18 |       3 |  14.3
        D:3 |       1 |       4 |  80.0 |       1 |       2 |  66.7
      Sewer |       0 |     158 | 100.0 |       0 |      22 | 100.0
            +---------+---------+-------+---------+---------+-------
